Map: Defender's Landing LE

Players

ArchangeL

  • Race: Terran Terran
  • Spawn Location: 1:00

thermy (uThermal) - Winner!

  • Race: Terran Terran
  • Spawn Location: 7:00

Event: WCS Valencia 2017

VOD

Have the link to the VOD?

Description

Time

  • Played on: July 13, 2017, 7:22 a.m.
  • Length: 5:05

All games in this series

Show
View Real Time Build Order
Export as new Build Order

ArchangeL Terran 

Build Orders:  

Get SALT Encoding   

  12  0:09  Supply Depot  
  12  0:32  Barracks  
  12  0:33  Refinery  
  12  0:51  Barracks  
  12  1:19  Reaper  
  12  1:21  Barracks  
  13  1:30  Refinery  
  13  1:39  Reaper  
  14  1:53  Reaper  
  15  2:09  Reaper  
  15  2:13  Reaper  
  17  2:37  Reaper  
  17  2:41  Reaper  
  19  2:49  Reaper  
  20  3:07  SCV  
  20  3:09  Reaper  
  22  3:14  Reaper  
  23  3:33  Reaper  
  22  3:47  Reaper  
  22  3:54  Reaper  
  20  4:05  Orbital Command, Reaper  
  19  4:20  Reaper  
Show
View Real Time Build Order
Export as new Build Order

thermy Terran - Winner!

Build Orders: 1/1/1, Cyclone Opening 

Get SALT Encoding   

  12  0:01  SCV  
  13  0:14  SCV  
  14  0:18  Supply Depot  
  14  0:26  SCV  
  14  0:28  Refinery  
  15  0:39  SCV  
  16  0:44  Barracks  
  16  0:51  SCV  
  16  0:54  Refinery  
  17  1:04  SCV  
  18  1:16  SCV  
  19  1:31  Orbital Command, Reaper  
  20  1:36  Factory  
  20  1:47  Supply Depot  
  20  1:57  SCV  
  21  2:03  Reaper  
  22  2:09  SCV  
  23  2:20  Hellion  
  23  2:21  SCV  
  23  2:22  Starport  
  25  2:33  SCV  
  25  2:36  Reaper  
  26  2:40  Supply Depot  
  26  2:49  Cyclone  
  28  3:00  SCV  
  23  3:08  Reaper  
  21  3:15  SCV  
  19  3:21  Cyclone  
  20  3:36  SCV  
  17  3:49  SCV  
  15  4:01  SCV  
  18  4:03  Hellion  
  18  4:13  SCV  
  19  4:22  Reaper  
  22  4:24  Hellion  
  22  4:28  SCV  
  21  4:50  SCV  
Tags
 
Add a new tag
Caveats
  • Supply blocks, unpowered buildings, or Contaminate may cause inaccurate times.
  • Supply counts are checked every 10 seconds.